 Dungeon Crawl Stone Soup version 0.29.0-5-ge4962eb29e (webtiles) character file.

Game seed: 12643732277758011022

779 apoch the Cleaver (level 7, -3/57 HPs)
             Began as a Minotaur Fighter on Aug 28, 2022.
             Slain by a gnoll sergeant
             ... wielding a +0 spear
              (8 damage)
             ... on level 5 of the Dungeon.
             The game lasted 00:04:49 (5296 turns).

apoch the Cleaver (Minotaur Fighter)                Turns: 5296, Time: 00:04:50

Health: -3/57      AC:  9    Str: 22    XL:     7   Next: 54%
Magic:  6/6        EV:  7    Int:  5    God:
Gold:   301        SH:  4    Dex: 10    Spells: 6/6 levels left

rFire   . . .      SeeInvis .   a - +0 war axe
rCold   . . .      Faith    .   c - +0 buckler
rNeg    . . .      Spirit   .   m - +0 chain mail
rPois   .          Reflect  .   (helmet restricted)
rElec   .          Harm     .   (no cloak)
rCorr   .          Rampage  .   (no gloves)
Will    +....                   (no boots)
Stlth   ..........              (no amulet)
HPRegen 0.19/turn               h - ring of willpower
MPRegen 0.10/turn               (no ring)

@: no status effects
A: horns 2, retaliatory headbutt
a: no special abilities


You were on level 5 of the Dungeon.
You visited 1 branch of the dungeon, and saw 5 of its levels.

You collected 301 gold pieces.

Inventory:

Hand Weapons
 a - a +0 war axe (weapon)
Missiles
 j - 2 curare-tipped darts
 s - 9 atropa-tipped darts
 u - 6 stones (quivered)
 v - 7 boomerangs
Armour
 b - a +0 scale mail
 c - a +0 buckler (worn)
 m - a +0 chain mail (worn)
Jewellery
 h - a ring of willpower (left hand)
Wands
 d - a wand of flame (11)
Scrolls
 f - a scroll of fear {unknown}
 i - 2 scrolls of identify {unknown}
 l - 2 scrolls of blinking {unknown}
 o - 2 scrolls of poison {unknown}
 r - 2 scrolls of enchant weapon {unknown}
 t - a scroll of fog {unknown}
 x - a scroll of torment {unknown}
 y - 2 scrolls of teleportation {unknown}
Potions
 e - a potion of experience {unknown}
 g - 7 potions of curing {unknown}
 k - 5 potions of degeneration {unknown}
 n - a potion of invisibility {unknown}
 p - a potion of cancellation {unknown}
 q - a potion of attraction {unknown}
 w - 2 potions of lignification {unknown}
 z - 2 potions of flight {unknown}
 A - a potion of might


   Skills:
 - Level 3.6 Fighting
 + Level 10.4 Axes
 - Level 3.6 Armour
 - Level 3.6 Shields


You had 6 spell levels left.
You didn't know any spells.
Your spell library contained the following spells:

 Spells                   Type           Power      Damage    Failure   Level
 Sandblast                Erth           0%         2d4       99%         1
 Passwall                 Tmut/Erth      0%         N/A       100%        2
 Portal Projectile        Hex/Tloc       0%         N/A       100%        3
 Stone Arrow              Conj/Erth      0%         3d7       100%        3
 Tukima's Dance           Hex            0%         N/A       100%        3
 Passage of Golubria      Tloc           0%         N/A       100%        4
 Blade Hands              Tmut           0%         N/A       100%        5
 Yara's Violent Unravell  Hex/Tmut       0%         3d3       100%        5


Dungeon Overview and Level Annotations

Branches:
Dungeon (5/15)
 Temple: D:4-7

Altars:

Annotations:
D:5 Ijyb


Innate Abilities, Weirdness & Mutations

You have a pair of horns on your head.
You reflexively headbutt those who attack you in melee.


Message History

You hit the gnoll.
The gnoll is heavily wounded.
The gnoll barely misses you.
The gnoll sergeant hits you from afar with a +0 spear.
The gnoll hits you but does no damage.
You are too injured to fight recklessly!
You are too injured to fight recklessly!
You are too injured to fight recklessly!
You barely miss the gnoll.
The gnoll is heavily wounded.
The gnoll sergeant hits you from afar with a +0 spear.
The gnoll hits you but does no damage. x2
You barely miss the gnoll.
The gnoll is heavily wounded.
The gnoll hits you but does no damage. The gnoll sergeant closely misses you.
You block the gnoll's attack. The gnoll barely misses you.
The gnoll hits you but does no damage.
The gnoll sergeant hits you from afar with a +0 spear!
You slash the gnoll!
You kill the gnoll!
You block the gnoll sergeant's attack. The gnoll hits you but does no damage.
You slash the gnoll!
You kill the gnoll!
The gnoll sergeant hits you from afar with a +0 spear!
* * * LOW HITPOINT WARNING * * *
You block the gnoll's attack. You block the gnoll sergeant's attack.
The gnoll hits you with a +0 spear.
* * * LOW HITPOINT WARNING * * *
Items here: )))) †††.
Unknown command.
You slash the gnoll sergeant! You headbutt the gnoll sergeant!
The gnoll sergeant is severely wounded.
You slash the gnoll!
You kill the gnoll!
The gnoll sergeant hits you with a +0 spear.
* * * LOW HITPOINT WARNING * * *
You hit the gnoll sergeant but do no damage.
The gnoll sergeant is severely wounded.
The gnoll sergeant hits you with a +0 spear!
You die...

#######.######..#.#########
#.# #..#.# #.######..#.#
#...[.......# ########.####
#.# #.# #.# #@# #g.)#
......# .......##
....##...# .## ###. #...#
... ...# # #.... ..# #..#
##..# #.# #..# #.#####..#


You could see a gnoll sergeant.

Vanquished Creatures
  Sigmund (D:2)
  An ice beast (D:5)
  2 hounds (D:5)
  An orc priest (D:4)
  A gnoll bouda (D:5)
  Terence (D:2)
  3 iguanas
  Natasha (D:2)
  An orc wizard (D:4)
  10 gnolls
  4 adders
  A shadow imp (D:5)
  A white imp (D:5)
  2 worms
  2 dart slugs (D:4)
  11 orcs (D:4)
  4 bats
  6 endoplasms
  2 giant cockroaches
  9 goblins
  11 hobgoblins
  7 quokkas
  4 ball pythons
  3 frilled lizards
  5 kobolds
  3 rats
97 creatures vanquished.

Notes
Turn   | Place    | Note
-------+----------+-------------------------------------------
     0 | D:1      | apoch the Minotaur Fighter began the quest for the Orb.
     0 | D:1      | Reached XP level 1. HP: 19/19 MP: 0/0
    43 | D:1      | Reached skill level 3 in Axes
    90 | D:1      | Reached XP level 2. HP: 25/26 MP: 1/1
   448 | D:1      | Reached skill level 4 in Axes
   758 | D:1      | Reached XP level 3. HP: 31/31 MP: 2/2
   992 | D:2      | Noticed Natasha
  1009 | D:2      | Killed Natasha
  1010 | D:2      | Reached skill level 5 in Axes
  1255 | D:2      | Noticed Terence
  1264 | D:2      | Killed Terence
  1265 | D:2      | Reached XP level 4. HP: 29/39 MP: 3/3
  1537 | D:2      | Noticed Sigmund
  1551 | D:2      | Killed Sigmund
  1552 | D:2      | Reached skill level 7 in Axes
  1552 | D:2      | Reached XP level 5. HP: 18/45 MP: 4/4
  1788 | D:2      | Reached XP level 6. HP: 51/51 MP: 5/5
  2363 | D:3      | Reached skill level 8 in Axes
  4098 | D:5      | Entered Level 5 of the Dungeon
  4319 | D:5      | Reached skill level 9 in Axes
  4463 | D:5      | Noticed Ijyb
  4466 | D:5      | Reached XP level 7. HP: 17/57 MP: 6/6
  5045 | D:5      | Reached skill level 10 in Axes
  5214 | D:5      | Identified the +1 pair of gloves of Bedazzled Salvation
                  | {Str+2}
  5296 | D:5      | Slain by a gnoll sergeant

Illustrated notes

Levels and vault maps discovered:
D:1:      lightli_arrival_boilingwater, layout_basic, lemuel_another_geyser
D:2:      layout_basic, kennysheep_generic_room_11, uniq_natasha, uniq_sigmund,
          uniq_terence
D:3:      layout_rooms, serial_park_tiny_pond
D:4:      layout_loops_corners
D:5:      layout_loops_corners, mainiacjoe_overflow_six_doors_small, uniq_ijyb

Skill      XL: |  1  2  3  4  5  6  7 |
---------------+----------------------+-----
Axes           | 3 4 5 7 9 10 | 10.4
Fighting       | |  3.6
Armour         | |  3.6
Shields        | |  3.6

Action                   |  1- 3 |  4- 6 |  7- 9 || total
-------------------------+-------+-------+-------++-------
Melee: War axe           |    76 |   111 |    42 ||   229
       Headbutt          |     8 |    14 |     8 ||    30
Throw: Stone             |    10 |    30 |     8 ||    48
       Javelin           |       |    25 |       ||    25
  Use: Potion            |       |     1 |       ||     1
 Stab: Distracted        |       |     1 |       ||     1
Armor: Scale mail        |    16 |       |       ||    16
       Chain mail        |    18 |    44 |    19 ||    81
Dodge: Dodged            |    29 |    27 |    16 ||    72
Block: Buckler           |     9 |    26 |    14 ||    49
